 Dungeon Crawl Stone Soup version 0.16-a0-3911-g06eb01e (webtiles) character file.

1217 timbw the Slasher (level 8, -1/57 HPs)
             Began as a Human Ice Elementalist on Feb 4, 2015.
             Was a Believer of the Shining One.
             Slain by a centaur (6 damage)
             ... on level 8 of the Dungeon.
             The game lasted 00:15:16 (4586 turns).

timbw the Slasher (Human Ice Elementalist)          Turns: 4586, Time: 00:15:16

Health: -1/57      AC:  4    Str:  8    XL:     8   Next: 75%
Magic:  13/13      EV: 13    Int: 16    God:    the Shining One [**....]
Gold:   336        SH:  0    Dex: 16    Spells: 3 memorised, 3 levels left

rFire  . . .     SeeInvis .     j - +0 long sword (curse)
rCold  . . .     Clarity  .     m - +0 leather armour (curse)
rNeg   + . .     SustAb   .     (no shield)
rPois  .         Gourm    .     (no helmet)
rElec  .         Spirit   .     (no cloak)
rCorr  .         Warding  .     (no gloves)
rMut   .         Stasis   .     w - +0 pair of boots
MR     .....                    (no amulet)
Stlth  +.........               n - ring of wizardry (curse)
                                h - ring of stealth (curse)

@: glowing, not resistant to hostile enchantments, very unstealthy
A: no striking features
a: Divine Shield, Renounce Religion


You were on level 8 of the Dungeon.
You worshipped the Shining One.
The Shining One was pleased with you.
You were not hungry.

You visited 2 branches of the dungeon, and saw 9 of its levels.
You also visited: Sewer and Ossuary.

You collected 336 gold pieces.

Inventory:

Hand weapons
 d - a cursed +1 spear
 j - a cursed +0 long sword (weapon)
Armour
 a - a cursed +0 robe
 m - a cursed +0 leather armour (worn)
 w - a +0 pair of boots (worn)
Jewellery
 h - a cursed ring of stealth (left hand)
 n - a cursed ring of wizardry (right hand)
Magical devices
 p - a wand of lightning (4)
Scrolls
 e - a scroll of enchant weapon
 t - 3 scrolls of teleportation
 x - a scroll of blinking
Potions
 f - 2 potions of cure mutation {unknown}
 g - 2 potions of restore abilities
 i - a potion of agility {unknown}
 k - 6 potions of might
 l - a potion of magic
 o - a potion of invisibility {unknown}
 q - 2 potions of ambrosia {unknown}
 r - 7 potions of curing
 s - 2 potions of poison {unknown}
 u - a potion of brilliance {unknown}
 v - 2 potions of haste {unknown}
Books
 b - a book of Frost

   Spells                             Type                      Level
   a - Freeze                         Ice                          1
   b - Throw Frost                    Conjuration/Ice              2
   c - Ozocubu's Armour               Charms/Ice                   3
   d - Throw Icicle                   Conjuration/Ice              4
   e - Summon Ice Beast               Ice/Summoning                4
   f - Condensation Shield            Ice                          4
Comestibles
 c - 4 bread rations
 z - 2 chunks of flesh
 A - 8 slices of pizza


   Skills:
 + Level 2.6 Fighting
 * Level 7.8 Long Blades
 + Level 3.2 Dodging
 - Level 2.0 Stealth
 - Level 2.0 Spellcasting
   Level 1.0 Conjurations
 - Level 5.3 Ice Magic


You had 3 spell levels left.
You knew the following spells:

 Your Spells              Type           Power        Failure   Level  Hunger
a - Freeze                Ice            ###.         1%          1    #......
b - Ozocubu's Armour      Chrm/Ice       ##......     14%         3    ###....
c - Summon Ice Beast      Ice/Summ       ##......     58%         4    #####..


Dungeon Overview and Level Annotations

Branches:
Dungeon (8/15)             Temple (1/1) D:5
   Lair: D:8-11

Altars:
Cheibriados
Dithmenos
Elyvilon
Fedhas
Kikubaaqudgha
Makhleb
Nemelex Xobeh
Okawaru
Qazlal
Ru
Sif Muna
Vehumet
Xom
The Shining One


Message History

The centaur wields a shortbow.
The centaur shoots an arrow.
The arrow hits you but does no damage.
Things that are here:
an arrow; a bread ration The centaur shoots an arrow.
The arrow hits you!!
* * * LOW HITPOINT WARNING * * *
You see here an arrow.
Drink which item? (? for menu, Esc to quit)
It was a potion of magic.
Magic courses through your body.
Drink which item? (? for menu, Esc to quit)
It was a potion of restore abilities.
You feel refreshed.
Drink which item? (? for menu, Esc to quit)
You feel better.
Your icy armour evaporates.
The centaur shoots an arrow.
The arrow hits you!
* * * LOW HITPOINT WARNING * * *
The centaur shoots an arrow.
The arrow barely misses you.
The centaur unwields an uncursed shortbow.
The centaur hits you.
You die...

#.>..................#
≈§≈^.
#..##[###.............
§§..
###.........#.#.####...
.. #.#..#.###.####.#
####. # #.#).#.##.## #
. #.'....###.####
..#..### ##.#.# #.#.#.#
#..###### ######.#
#..##c@.# .# #..##.#(#
# #..##.#.....#
#...#.####### #.....#
###.### #c.. ......
.##...##


You could see a centaur.

Vanquished Creatures
  A hippogriff (D:7)
  A human (D:8)
  A black bear (D:8)
  2 centaurs (D:6)
  A giant frog (D:7)
  2 scorpions (D:6)
  3 crimson imps (D:6)
  2 hounds (D:4)
  An orc priest (D:6)
  2 worker ants
  2 orc wizards (D:6)
  A big kobold zombie (Ossuary)
  8 mummies (Ossuary)
  3 adders
  4 gnolls (D:5)
  A worm zombie (D:5)
  A giant mite (D:6)
  A giant gecko (D:6)
  6 orcs
  A ball python (Sewer)
  4 bats
  A bat zombie (D:5)
  2 gnoll zombies (Ossuary)
  6 hobgoblins
  2 quokkas
  2 giant cockroaches
  9 giant newts
  4 goblins
  2 hobgoblin zombies (Ossuary)
  5 jackals (Sewer)
  12 kobolds
  3 orc zombies (Ossuary)
  A rat (D:2)
  3 rat zombies (D:5)
  A ballistomycete (D:8)
  4 plants (Sewer)
105 creatures vanquished.

Vanquished Creatures (others)
  A giant spore (D:8)
1 creature vanquished.

Grand Total: 106 creatures vanquished

Notes
Turn   | Place    | Note
--------------------------------------------------------------
     0 | D:1      | timbw, the Human Ice Elementalist, began the quest for the Orb.
     0 | D:1      | Reached XP level 1. HP: 13/13 MP: 3/3
   271 | D:2      | Reached XP level 2. HP: 13/19 MP: 1/4
   506 | D:4      | Reached skill level 4 in Ice Magic
   506 | D:4      | Reached XP level 3. HP: 6/24 MP: 0/6
   822 | D:4      | Reached XP level 4. HP: 26/30 MP: 1/7
   889 | D:4      | Reached skill level 5 in Ice Magic
   890 | D:4      | Reached XP level 5. HP: 23/35 MP: 3/9
  1034 | D:4      | Learned a level 3 spell: Ozocubu's Armour
  1039 | D:4      | Learned a level 4 spell: Summon Ice Beast
  1145 | D:5      | Entered Level 5 of the Dungeon
  1146 | D:5      | Found a staircase to the Ecumenical Temple.
  1170 | Temple   | Entered the Ecumenical Temple
  1231 | Temple   | Became a worshipper of the Shining One
  1256 | D:5      | Reached skill level 1 in Long Blades
  1409 | D:5      | Found an ancient bone altar of Kikubaaqudgha.
  1657 | D:5      | Found a sand-covered staircase.
  1685 | Ossuary  | Entered an ossuary
  1818 | Ossuary  | Acquired the Shining One's first power
  1840 | Ossuary  | Reached XP level 6. HP: 12/41 MP: 7/10
  2408 | Ossuary  | The Shining One protects you from harm!
  2771 | D:6      | Reached XP level 7. HP: 32/46 MP: 4/12
  2819 | D:6      | Found a glowing drain.
  2834 | Sewer    | Entered a sewer
  2886 | Sewer    | Acquired the Shining One's second power
  2954 | Sewer    | Reached skill level 5 in Long Blades
  3596 | D:6      | Reached skill level 6 in Long Blades
  3910 | D:6      | Reached XP level 8. HP: 15/53 MP: 7/13
  4296 | D:6      | Noticed an orc warrior
  4331 | D:7      | Reached skill level 1 in Fighting
  4331 | D:7      | Reached skill level 7 in Long Blades
  4434 | D:7      | Found a radiant altar of Vehumet.
  4434 | D:7      | Found a deep blue altar of Sif Muna.
  4434 | D:7      | Found a sacrificial altar of Ru.
  4439 | D:8      | Found a stormy altar of Qazlal.
  4439 | D:8      | Found a blossoming altar of Fedhas.
  4586 | D:8      | Slain by a centaur

Action                   |  1- 3 |  4- 6 |  7- 9 || total
-------------------------+-------+-------+-------++-------
Melee: Spear             |     6 |     6 |       ||    12
       Long sword        |       |   114 |   317 ||   431
 Cast: Freeze            |    22 |    28 |    41 ||    91
       Ozocubu's Armour  |       |    12 |     6 ||    18
  Use: Scroll            |     3 |     1 |     1 ||     5
       Potion            |       |       |     6 ||     6
 Stab: Sleeping          |     1 |       |     1 ||     2
  Eat: Chunk             |       |     5 |     5 ||    10
       Bread ration      |       |     1 |       ||     1
       Beef jerky        |       |     1 |       ||     1
